 Seeded DCSS version 0.30-a0-728-gc68057be0a (webtiles) character file.

Game seed: 13378002285222283535 (custom seed)

37 hikkokomori the Trooper (level 3, 0/30 HPs)
             Began as a Merfolk Fighter on Jan 30, 2023.
             Slain by an endoplasm (2 damage)
             ... on level 2 of the Dungeon.
             The game lasted 00:01:14 (998 turns).

hikkokomori the Trooper (Merfolk Fighter)            Turns: 998, Time: 00:01:15

Health: 0/30       AC:  6    Str: 16    XL:     3   Next: 41%
Magic:  3/3        EV:  8    Int:  7    God:
Gold:   76         SH:  6    Dex: 15    Spells: 2/2 levels left

rFire   . . .      SeeInvis .    a - +1 long sword
rCold   . . .      Faith    .    c - +1 buckler
rNeg    . . .      Spirit   .    b - +0 scale mail
rPois   .          Reflect  .    (no helmet)
rElec   .          Harm     .    (no cloak)
rCorr   .          Rampage  .    (no gloves)
Will    .....                    (no boots) Stlth
                                 (no amulet)
HPRegen 0.25/turn                (no ring)
MPRegen 0.08/turn                (no ring)

@: no status effects
A: (nimble swimmer 2), mertail
a: no special abilities


You were on level 2 of the Dungeon.
You visited 1 branch of the dungeon, and saw 2 of its levels.

You collected 76 gold pieces.

Inventory:

Hand Weapons
 a - a +1 long sword (weapon)
Armour
 b - a +0 scale mail (worn)
 c - a +1 buckler (worn)
Jewellery
 e - a ring of magical power
Scrolls
 f - a scroll of enchant armour
Potions
 d - 2 potions of might
 g - a potion of curing {unknown}
 i - a potion of flight {unknown}


   Skills:
 + Level 3.8 Fighting
 + Level 3.2 Long Blades
 - Level 2.1 Armour
 + Level 3.5 Shields


You had 2 spell levels left.
You didn't know any spells.
Your spell library contained the following spells:

 Spells                   Type           Power      Damage    Failure   Level
 Inner Flame              Hex/Fire       0%         N/A       100%        3
 Flame Wave               Conj/Fire      0%         2d4       100%        4
 Sticky Flame             Conj/Fire      0%         2d3       100%        4


Dungeon Overview and Level Annotations

Branches:
Dungeon (2/15)

Altars:


Innate Abilities, Weirdness & Mutations

((You are very nimble when in or above water. (Stealth+, EV+, Speed+++)))
Your lower body shifts to a powerful aquatic tail in water.


Message History

No target in view!
You feel sick.
You feel sick.
You feel sick.
You feel sick.
You feel sick.
You feel sick.
You are no longer poisoned.
You now have 76 gold pieces (gained 6).
d - 2 potions of might (gained 1)
A gnoll comes into view. It is wielding a +0 halberd.
The gnoll shouts!
You hear a shout!
A gnoll comes into view. It is wielding a +0 flail.
You hear a shout!
The gnoll shouts!
There are monsters nearby!
There are monsters nearby!
There are monsters nearby!
As you read the scroll labelled FENLUR QORU, it crumbles to dust.
The scroll dissolves into smoke.
It was a scroll of fog.
A gnoll comes into view. It is wielding a +0 flail.
The gnoll shouts!
An endoplasm comes into view.
The endoplasm quivers.
The gnoll barely misses you.
A gnoll comes into view. It is wielding a +0 flail.
The gnoll shouts!
The gnoll throws a throwing net.
The throwing net hits you.
You become entangled in the net!
You see here a throwing net.
You struggle against the net.
The gnoll hits you with a +0 flail.
The gnoll hits you from afar with a +0 halberd!
You struggle against the net.
The gnoll barely misses you. x2
You shred the net and break free! The gnoll hits you but does no damage.
The gnoll hits you with a +0 flail. The endoplasm freezes you.
You are frozen.
The gnoll attacks as you move away! The gnoll hits you with a +0 flail!
* * * LOW HITPOINT WARNING * * *
The endoplasm attacks as you move away! The endoplasm hits you.
You die...

########.###################.#
#........#.................#.####
#.######.#.###############.#.....
#.######.#.# #.#.####
#..§§....#†########## #.#.#...
#...§..###..........# #.#.#.##
#§###(#.....†.......# #.#.#.#
§§§§§§..............######.#.#.##
§§§§..........gg@................
#§###.#.###...gJg..........#.####
#§# #.#.# #...............)#.#
..# #†#.# #................#.#.#.
..# #.#.###................#.#.#.
#.###.#............#######.#.#.#.
#......########.##..(......#.#.#.
#......g......... ....####...#.#.
#......####.##..## #.## ##..#.#.


You could see 4 gnolls and an endoplasm.

Vanquished Creatures
  An adder (D:2)
  3 dart slugs
  2 ball pythons (D:2)
  A giant cockroach (D:2)
  3 goblins
  2 hobgoblins (D:1)
  3 jackals (D:1)
  2 bats
  3 frilled lizards (D:2)
  A kobold (D:1)
  A rat (D:1)
22 creatures vanquished.

Notes
Turn   | Place    | Note
-------+----------+-------------------------------------------
     0 | D:1      | hikkokomori the Merfolk Fighter began the quest for the
                  | Orb.
     0 | D:1      | Reached XP level 1. HP: 18/18 MP: 1/1
    66 | D:1      | Reached XP level 2. HP: 24/24 MP: 2/2
   692 | D:2      | Reached XP level 3. HP: 30/30 MP: 3/3
   998 | D:2      | Slain by an endoplasm

Illustrated notes

Levels and vault maps discovered:
D:1:      dpeg_arrival_connections, layout_basic
D:2:      layout_basic, chequers_jeans, minmay_close_crescents

Skill      XL: |  1  2 |
---------------+-------+-----
Long Blades    | 3 |  3.2
Fighting       | |  3.8
Armour         | |  2.1
Shields        | |  3.5

Action                     || total
---------------------------++-------
  Melee: Long sword        ||    84
    Use: Scroll            ||     7
 Armour: Scale mail        ||    37
  Dodge: Dodged            ||    41
  Block: Buckler           ||    18

Table legend: (Time is in decaauts)
 A = Elapsed time spent in this place.
 B = Non-inter-level travel time spent in this place.
 C = Inter-level travel time spent in this place.
 D = Time resting spent in this place.
 E = Time spent auto-exploring this place.
 F = Levels seen in this place.
 G = Mean time per level.
                   A        B        C        D        E       F      G
               +--------+--------+--------+--------+--------+-----+--------+
         Total |   1022 |    968 |     54 |      0 |    744 |   2 |  511.0 |
       Dungeon |   1022 |    968 |     54 |      0 |    744 |   2 |  511.0 |
               +--------+--------+--------+--------+--------+-----+--------+

Top non-repeatable levels by time:
     D:1: 630 daAuts
     D:2: 392 daAuts
